 Dungeon Crawl Stone Soup version 0.16-a0-3228-ge148b08 (webtiles) character file.

469 Miyamura the Grave Robber (level 7, -1/35 HPs)
             Began as a Vine Stalker Necromancer on Dec 21, 2014.
             Slain by Prince Ribbit (5 damage)
             ... on level 4 of the Dungeon.
             The game lasted 00:14:04 (3584 turns).

Miyamura the Grave Robber (VSNe)                    Turns: 3584, Time: 00:14:04

Health: -1/35      AC:  6    Str: 11    XL:     7   Next: 9%
Magic:  0/17       EV: 13    Int: 16    God:
Gold:   243        SH:  0    Dex: 15    Spells: 2 memorised, 8 levels left

rFire  . . .     SeeInvis .     u - +1 dagger (vamp)
rCold  . . .     Clarity  .     x - +0 leather armour {rPois}
rNeg   . . .     SustAb   .     (no shield)
rPois  +         Gourm    .     m - +2 helmet
rElec  .         Spirit   +     (no cloak)
rCorr  .         Warding  .     (no gloves)
rMut   .         Stasis   .     (no boots)
MR     .....                    (no amulet)
Stlth  +++.......               (no ring)
                                (no ring)

@: not resistant to hostile enchantments, fairly stealthy
A: fangs 2, regeneration 2, magic shield, antimagic bite, no device heal 3, rot
immunity
a: no special abilities


You were on level 4 of the Dungeon.
You were not hungry.

You visited 2 branches of the dungeon, and saw 5 of its levels.

You collected 243 gold pieces.

Inventory:

Hand weapons
 g - a cursed -2 hand axe
 u - a +1 vampiric dagger (weapon)
Armour
 m - a +2 helmet (worn)
 x - a +0 leather armour of poison resistance (worn)
Jewellery
 a - an uncursed ring of magical power {unknown}
 f - a cursed -2 ring of slaying {unknown}
Scrolls
 e - 2 scrolls of identify {unknown}
 h - a scroll of teleportation {unknown}
 i - 3 scrolls of amnesia {unknown}
 o - a scroll of random uselessness {unknown}
 p - a scroll of blinking {unknown}
 q - a scroll of noise {unknown}
 r - 2 scrolls of enchant weapon {unknown}
 t - a scroll of fog {unknown}
Potions
 j - 3 potions of brilliance {unknown}
 k - a potion of restore abilities {unknown}
 l - a potion of curing {unknown}
 n - a potion of might {unknown}
 s - a potion of lignification {unknown}
 v - a potion of heal wounds {unknown}
 w - a potion of berserk rage {unknown}
Books
 b - a book of Necromancy

   Spells                             Type                      Level
   a - Pain                           Necromancy                   1
   b - Animate Skeleton               Necromancy                   1
   c - Vampiric Draining              Necromancy                   3
   d - Regeneration                   Charms/Necromancy            3
   e - Animate Dead                   Necromancy                   4
   f - Control Undead                 Necromancy                   4
Comestibles
 c - 5 bread rations
 d - a beef jerky


   Skills:
 + Level 2.5 Fighting
 + Level 3.2 Dodging
 + Level 4.8 Stealth
 + Level 3.7 Spellcasting
 + Level 5.0 Necromancy


You had 8 spell levels left.
You knew the following spells:

 Your Spells              Type           Power        Failure   Level  Hunger
a - Animate Dead          Necr           N/A          21%         4    ####...
p - Pain                  Necr           ###.         1%          1    None


Dungeon Overview and Level Annotations

Branches:
Dungeon (4/15)             Temple (1/1) D:4

Altars:
Dithmenos
Fedhas
Kikubaaqudgha
Nemelex Xobeh
Okawaru
Qazlal
Ru
Vehumet
Xom
Zin
The Shining One

Annotations:
D:4 Prince Ribbit


Innate Abilities, Weirdness & Mutations

You have extremely sharp teeth.
You heal very quickly.
When hurt, damage is shared between your health and your magic reserves.
Your bite disrupts and absorbs the magic of your enemies.
Potions and wands cannot restore your health.
You are immune to rotting.


Message History

There is a stone staircase leading up here.
You miss Prince Ribbit.
Prince Ribbit is lightly wounded.
Prince Ribbit hits you.
You miss Prince Ribbit. Your bite misses Prince Ribbit.
Prince Ribbit is lightly wounded.
Prince Ribbit barely misses you. Prince Ribbit hits you!
Prince Ribbit momentarily phases out as your attack passes through him.
Prince Ribbit is lightly wounded.
Prince Ribbit barely misses you.
Prince Ribbit momentarily phases out as your attack passes through him.
Prince Ribbit is lightly wounded.
Prince Ribbit misses you. Prince Ribbit hits you! Prince Ribbit hits you!
Prince Ribbit misses you. Prince Ribbit hits you!
* * * LOW HITPOINT WARNING * * *
Prince Ribbit completely misses you. Prince Ribbit hits you!
You die...

##.....##.# #.Z# ##.#.#
8.....8#.# #.##
########...# #.....##.#
#.# #.....Z....# 8...8
#.# #.# ####.########)#
##>## #.###.#
###.....#######.#
#######.##..#
#................
#.##.#....##
#.........#####.#
#....##..#######.....###
#..
####Z#<.....F@....####
##. ##...#.#######..# ##
##....#.# #..## #
#####..##.#.# #Z##
.......##.#.# #Z#
.......##.#.## #.#
...).........#####.#
.......#..#........#
....)..#.###.####..######


You could see Prince Ribbit.

Vanquished Creatures
  An ogre (D:4)
  2 orc priests
  A giant frog skeleton (D:4)
  An iguana (D:4)
  4 orc wizards
  3 gnolls (D:3)
  4 adders
  2 worms
  An adder skeleton (D:3)
  10 orcs
  11 goblins
  9 hobgoblins
  3 jackals (D:3)
  7 kobolds
  3 ball pythons
  18 bats
  3 giant cockroaches
  A giant gecko (D:2)
  3 giant newts
  2 quokkas
  6 rats
95 creatures vanquished.

Vanquished Creatures (collateral kills)
  A bat (D:4)
1 creature vanquished.

Vanquished Creatures (others)
  A hobgoblin zombie (D:4)
  An orc zombie (D:4)
2 creatures vanquished.

Grand Total: 98 creatures vanquished

Notes
Turn   | Place    | Note
--------------------------------------------------------------
     0 | D:1      | Miyamura, the Vine Stalker Necromancer, began the quest for the Orb.
     0 | D:1      | Reached XP level 1. HP: 9/9 MP: 3/3
   410 | D:1      | Reached XP level 2. HP: 13/13 MP: 6/6
   810 | D:2      | Found an ancient bone altar of Kikubaaqudgha.
   862 | D:2      | Reached XP level 3. HP: 13/17 MP: 3/7
  1362 | D:2      | Reached XP level 4. HP: 21/21 MP: 9/9
  1490 | D:3      | Reached skill level 1 in Fighting
  1838 | D:3      | Learned a level 4 spell: Animate Dead
  2177 | D:3      | Reached XP level 5. HP: 22/25 MP: 8/12
  2313 | D:3      | Found a sacrificial altar of Ru.
  2617 | D:4      | Found a sparkling altar of Nemelex Xobeh.
  2638 | D:4      | Found a glowing golden altar of the Shining One.
  2803 | D:4      | Gained mutation: You heal very quickly. [vine stalker growth]
  2803 | D:4      | Reached XP level 6. HP: 30/30 MP: 15/15
  2915 | D:4      | Found a stormy altar of Qazlal.
  3073 | D:4      | Noticed an ogre
  3111 | D:4      | Killed an ogre
  3111 | D:4      | Reached skill level 5 in Necromancy
  3111 | D:4      | Reached XP level 7. HP: 32/35 MP: 15/17
  3159 | D:4      | Found a staircase to the Ecumenical Temple.
  3232 | Temple   | Entered the Ecumenical Temple
  3554 | D:4      | Noticed Prince Ribbit
  3584 | D:4      | Slain by Prince Ribbit

Action                   |  1- 3 |  4- 6 |  7- 9 || total
-------------------------+-------+-------+-------++-------
Melee: Unarmed           |    25 |       |       ||    25
       Dagger            |    11 |   283 |    28 ||   322
 Cast: Pain              |    35 |    29 |     3 ||    67
       Animate Dead      |       |     4 |     2 ||     6
 Stab: Sleeping          |     2 |     6 |       ||     8
  Eat: Chunk             |     2 |     6 |     2 ||    10
       Meat ration       |       |     1 |       ||     1
